 Dungeon Crawl Stone Soup version 0.30-a0-824-g6c64550be9 (webtiles) character file.

Game seed: 635304039501167632

265 cforsyth the Sneak (level 6, 0/57 HPs)
             Began as a Kobold Brigand on Feb 27, 2023.
             Succumbed to a water moccasin's poison
             ... on level 6 of the Dungeon.
             The game lasted 00:03:07 (2017 turns).

cforsyth the Sneak (Kobold Brigand)                 Turns: 2017, Time: 00:03:08

Health: 0/57       AC:  5    Str:  7 (9)  XL:     6   Next: 44%
Magic:  6/6        EV: 15    Int: 11 (12) God:
Gold:   129        SH:  5    Dex: 16 (18) Spells: 5/5 levels left

rFire   + . .      SeeInvis .    k - +1 dagger (freeze)
rCold   . . .      Faith    .    (no shield)
rNeg    . . .      Spirit   .    b - +0 robe
rPois   .          Reflect  +    (no helmet)
rElec   +          Harm     .    c - +0 cloak
rCorr   .          Rampage  .    s - +1 pair of gloves
Will    .....                    (no boots) Stlth
                                 n - amulet "Caxar" {Reflect rElec SH+5}
HPRegen 0.29/turn                h - ring of flight
MPRegen 0.10/turn                o - ring of protection from fire

@: berserking, lethally poisoned (0 -> -17), attractive, flying, very quick
A: small, no large weapons, nightstalker 3
a: no special abilities


You were on level 6 of the Dungeon.
You visited 1 branch of the dungeon, and saw 4 of its levels.

You collected 129 gold pieces.

Inventory:

Hand Weapons
 a - a +2 dagger
 k - a +1 dagger of freezing (weapon)
Missiles
 d - 12 poisoned darts (quivered)
 e - 3 curare-tipped darts
Armour
 b - a +0 robe (worn)
 c - a +0 cloak (worn)
 s - a +1 pair of gloves (worn)
Jewellery
 h - a ring of flight (left hand)
 n - the amulet "Caxar" (around neck) {Reflect rElec SH+5}
   (You found it on level 2 of the Dungeon)

   [amulet of reflection]

   It reflects blocked missile attacks.
   rElec:     It insulates you from electricity.
   SH:        It affects your SH (+5).
 o - a ring of protection from fire (right hand)
Scrolls
 g - a scroll of immolation {unknown}
 i - a scroll of amnesia {unknown}
 j - a scroll of torment {unknown}
 m - a scroll of enchant weapon {unknown}
 u - a scroll of identify {unknown}
Potions
 f - a potion of curing {unknown}
 l - a potion of attraction
 r - a potion of might {unknown}
 t - a potion of flight {unknown}


   Skills:
 + Level 3.9 Fighting
 + Level 4.7 Short Blades
 - Level 2.1 Throwing
 + Level 3.6 Dodging
 + Level 6.8 Stealth


You had 5 spell levels left.
You didn't know any spells.
Your spell library contained the following spells:

 Spells                   Type           Power      Damage    Failure   Level
 Shock                    Conj/Air       0%         1d3       34%         1
 Swiftness                Air            0%         N/A       71%         3
 Airstrike                Air            0%         2d(0-16)  98%         4


Dungeon Overview and Level Annotations

Branches:
Dungeon (3/15)

Altars:

Annotations:
D:2 1 runed translucent door, Crazy Yiuf


Innate Abilities, Weirdness & Mutations

You are small and have problems with some larger weapons.
You are completely attuned to the shadows.


Message History

The water moccasin bites you but does no damage.
Unknown command.
You closely miss the water moccasin.
The water moccasin is lightly wounded.
You feel sick. The water moccasin closely misses you.
Unknown command.
You hit the water moccasin. You freeze the water moccasin.
The water moccasin is moderately wounded.
* * * LOW HITPOINT WARNING * * *
You feel sick.
The water moccasin bites you but does no damage.
You hit the water moccasin. You freeze the water moccasin.
The water moccasin is heavily wounded.
* * * LOW HITPOINT WARNING * * *
You feel sick.
You closely miss the water moccasin.
The water moccasin is heavily wounded.
* * * LOW HITPOINT WARNING * * *
You feel sick.
The water moccasin completely misses you.
You puncture the water moccasin! You freeze the water moccasin.
The water moccasin is almost dead.
* * * LOW HITPOINT WARNING * * *
You feel sick. You block the water moccasin's attack.
You barely miss the water moccasin.
The water moccasin is almost dead.
* * * LOW HITPOINT WARNING * * *
You feel sick. The water moccasin bites you.
* * * LOW HITPOINT WARNING * * *
You are more poisoned.
The water moccasin poisons you!
You hit the water moccasin. You freeze the water moccasin.
You kill the water moccasin!
* * * LOW HITPOINT WARNING * * *
You feel sick.
You feel your strength returning.
You feel your intelligence returning.
You have reached level 6!
Unknown command.
You are too berserk!
You die...

#.# #. #..
##.## ###
##...#### ###
#...).... ...
#...#########
###
##.#........#
####.#.######.#
#.@..#.# #.#
#†...#.# #.#
#....#.# #.#
##...#.#
#.##### #...#
#...... #######


There were no monsters in sight!

Vanquished Creatures
  A water moccasin (D:6)
  Natasha (thrice) (D:2)
  3 adders
  2 dart slugs
  2 worms (D:2)
  4 endoplasms (D:1)
  3 giant cockroaches
  5 goblins
  5 hobgoblins
  3 kobolds
  A quokka (D:2)
  5 ball pythons
  5 bats
  4 frilled lizards
  8 rats
54 creatures vanquished.

Notes
Turn   | Place    | Note
-------+----------+-------------------------------------------
     0 | D:1      | cforsyth the Kobold Brigand began the quest for the Orb.
     0 | D:1      | Reached XP level 1. HP: 12/12 MP: 1/1
    82 | D:1      | Reached XP level 2. HP: 17/18 MP: 2/2
   179 | D:1      | Found a faded altar of an unknown god.
   360 | D:1      | Reached XP level 3. HP: 22/22 MP: 3/3
   663 | D:2      | Noticed Natasha
   667 | D:2      | Killed Natasha
   668 | D:2      | Reached XP level 4. HP: 27/27 MP: 4/4
   840 | D:2      | Reached skill level 6 in Stealth
   842 | D:2      | Identified the amulet "Caxar" {Reflect rElec SH+5}
   942 | D:2      | Found a runed translucent door.
   942 | D:2      | Noticed Natasha
   952 | D:2      | Killed Natasha
   954 | D:2      | Noticed Crazy Yiuf
  1063 | D:2      | Noticed Natasha
  1070 | D:2      | Killed Natasha
  1071 | D:2      | Reached XP level 5. HP: 27/32 MP: 5/5
  1961 | D:3      | You are sucked into a shaft and drop 3 floors!
  2003 | D:6      | Noticed a water moccasin
  2016 | D:6      | Killed a water moccasin
  2016 | D:6      | HP: 2/48 [poisoned by a water moccasin]
  2017 | D:6      | Reached XP level 6. HP: 3/38 MP: 6/6
  2017 | D:6      | Succumbed to a water moccasin's poison

Illustrated notes

Levels and vault maps discovered:
D:1:      roderic_dead_forest, layout_rooms, shapermc_ecumenical_altar_petra
D:2:      layout_basic, uniq_crazy_yiuf_cottage, uniq_natasha
D:3:      layout_rooms, mainiacjoe_overflow_alcove_1, minmay_crystal_water
D:6:      layout_loops_ring, mainiacjoe_overflow_tiny_flanked

Skill      XL: |  1  2  3  4  5 |
---------------+----------------+-----
Short Blades   | 3 4 |  4.7
Dodging        | 2 3 |  3.6
Fighting       | 3 |  3.9
Stealth        | 6 |  6.8
Throwing       | |  2.1

Action                     |  1- 3 |  4- 6 || total
---------------------------+-------+-------++-------
  Melee: Dagger            |    52 |    90 ||   142
         Punch             |       |     2 ||     2
    Use: Potion            |       |     3 ||     3
   Stab: Sleeping          |    11 |    14 ||    25
 Armour: Robe              |    11 |    11 ||    22
  Dodge: Dodged            |    18 |    37 ||    55
  Block: Other             |       |    11 ||    11

Table legend: (Time is in decaauts)
 A = Elapsed time spent in this place.
 B = Non-inter-level travel time spent in this place.
 C = Inter-level travel time spent in this place.
 D = Time resting spent in this place.
 E = Time spent auto-exploring this place.
 F = Levels seen in this place.
 G = Mean time per level.
                   A        B        C        D        E       F      G
               +--------+--------+--------+--------+--------+-----+--------+
         Total |   1986 |   1920 |     66 |      0 |   1552 |   4 |  496.5 |
       Dungeon |   1986 |   1920 |     66 |      0 |   1552 |   4 |  496.5 |
               +--------+--------+--------+--------+--------+-----+--------+

Top non-repeatable levels by time:
     D:2: 1298 daAuts
     D:1: 530 daAuts
     D:3: 105 daAuts
     D:6: 52 daAuts
